 Dungeon Crawl Stone Soup version 0.23.2-1-ga50397a6bc (webtiles) character file.

Game seed: 8422773030830660573

7 Norn the Magician (level 2, -4/18 HPs)
             Began as an Octopode Wizard on May 4, 2019.
             Slain by a hobgoblin
             ... wielding a +0 club
              (5 damage)
             ... on level 1 of the Dungeon.
             The game lasted 00:00:45 (152 turns).

Norn the Magician (Octopode Wizard)                  Turns: 152, Time: 00:00:46

Health: -4/18      AC:  1    Str:  6    XL:     2   Next: 0%
Magic:  1/6        EV: 13    Int: 20    God:
Gold:   0          SH:  0    Dex: 10    Spells: 6/7 levels left

rFire    . . .     SeeInvis .   (no weapon)
rCold    . . .     Gourm    .   (no shield)
rNeg     . . .     Faith    .   a - +0 hat
rPois    .         Spirit   .   (no amulet)
rElec    .         Reflect  .   (no ring)
rCorr    .         Harm     .   (no ring)
MR       .....                  (no ring)
Stlth    +++.......             (no ring)
HPRegen  0.06/turn              (no ring)
MPRegen  0.10/turn              (no ring)
                                (no ring)
                                (no ring)

@: very slightly contaminated
A: almost no armour, stealthy swim, amphibious, 8 rings, constrict 8, camouflage
1, gelatinous body 1
a: no special abilities


You were on level 1 of the Dungeon.
You were not hungry.

You visited 1 branch of the dungeon, and saw 1 of its levels.

Inventory:

Armour
 a - a +0 hat (worn)
Comestibles
 e - a ration {!d}


   Skills:
 + Level 0.4 Fighting
 + Level 2.1 Dodging
 - Level 2.6 Stealth
 + Level 3.0 Spellcasting
 * Level 1.4 Conjurations
   Level 1.0 Summonings
   Level 1.0 Translocations


You had 6 spell levels left.
You knew the following spells:

 Your Spells              Type           Power        Failure   Level  Hunger
a - Magic Dart            Conj           #...         8%          1    None

Your spell library contained the following spells:

 Spells                   Type           Power        Failure   Level  Hunger
 Blink                    Tloc           N/A          14%         2    ##.....
 Call Imp                 Summ           #.......     14%         2    ##.....
 Slow                     Hex            #.......     22%         2    ##.....
 Conjure Flame            Conj/Fire      #.......     32%         3    ###....
 Mephitic Cloud           Conj/Pois/Air  #.......     34%         3    ###....


Dungeon Overview and Level Annotations

Branches:
Dungeon (1/15)

Altars:


Innate Abilities, Weirdness & Mutations

You cannot wear most types of armour.
You are very stealthy in the water. (Stealth+)
You are amphibious.
You can wear up to eight rings at the same time.
You can use your tentacles to constrict eight enemies at once.
Your skin changes colour to match your surroundings (Stealth+).
Your rubbery body absorbs attacks. (AC +1, EV +1)


Message History

You miscast Magic Dart.
You are very lightly contaminated with residual magic.
Nothing appears to happen.
The jackal barks!
Aim: a jackal (moderately wounded)
The magic dart hits the jackal.
You don't have enough magic to cast that spell.
You tentacle-slap the jackal. Your grab misses the jackal.
You squeeze the jackal. The jackal bites you.
A hobgoblin comes into view. It is wielding a +0 club.
You closely miss the jackal. Your grab misses the jackal.
The jackal closely misses you.
You tentacle-slap the jackal but do no damage.
Your grab misses the jackal. The jackal closely misses you.
The jackal misses you.
You barely miss the jackal. You grab the jackal.
You constrict the jackal, but do no damage.
The jackal bites you but does no damage.
You tentacle-slap the jackal.
You kill the jackal!
The jackal bites you but does no damage.
You closely miss the jackal. Your grab misses the jackal. The jackal bites you.
* * * LOW HITPOINT WARNING * * *
Aim: a jackal The magic dart hits the jackal but does no damage.
The jackal bites you.
* * * LOW HITPOINT WARNING * * *
The jackal completely misses you.
You closely miss the jackal. Your grab misses the jackal.
The jackal misses you.
You tentacle-slap the jackal. You grab the jackal. You squeeze the jackal.
You constrict the jackal. The jackal bites you.
* * * LOW HITPOINT WARNING * * *
You tentacle-slap the jackal.
You kill the jackal!
You have reached level 2!
A rat and a hobgoblin come into view.
The hobgoblin shouts!
The rat moves out of view.
You don't have enough magic to cast that spell.
You barely miss the hobgoblin. You grab the hobgoblin.
You constrict the hobgoblin, but do no damage.
The hobgoblin hits you with a +0 club.
* * * LOW HITPOINT WARNING * * *
You tentacle-slap the hobgoblin but do no damage.
You constrict the hobgoblin, but do no damage.
The hobgoblin barely misses you.
You completely miss the hobgoblin. You constrict the hobgoblin.
The hobgoblin hits you with a +0 club.
You die...

.r .# .# ### g# #.#
.# #.# .#
###<#####.#
#...†..g@.#
####.#(########.##
#........h...g.)...
#.###.#.######(####
#.#.# # ... .#.#
#.#.# . ..#


You could see 2 hobgoblins and a rat (wandering).

Vanquished Creatures
  A dart slug (D:1)
  2 jackals (D:1)
  A goblin (D:1)
  A kobold (D:1)
5 creatures vanquished.

Notes
Turn   | Place    | Note
-------+----------+-------------------------------------------
     0 | D:1      | Norn the Octopode Wizard began the quest for the Orb.
     0 | D:1      | Reached XP level 1. HP: 11/11 MP: 4/4
   146 | D:1      | Reached XP level 2. HP: 2/18 MP: 0/6
   152 | D:1      | Slain by a hobgoblin

Action                   || total
-------------------------++-------
Melee: Unarmed           ||    12
       Constrict         ||     3
       Tentacles         ||     2
 Cast: Magic Dart        ||    13
Armor: Skin              ||     2
Dodge: Dodged            ||     8
